 Dungeon Crawl Stone Soup version 0.19-b1-4-gd8a0a2a (webtiles) character file.

204 Gorglomux the Slasher (level 6, -10/41 HPs)
             Began as a Halfling Berserker on Oct 30, 2016.
             Was a Priest of Trog.
             Splashed by Pikel's acid (12 damage)
             ... on level 4 of the Dungeon.
             The game lasted 00:04:44 (2754 turns).

Gorglomux the Slasher (Halfling Berserker)          Turns: 2754, Time: 00:04:46

Health: -10/41     AC: 11    Str: 20    XL:     6   Next: 9%
Magic:  6/6        EV:  8    Int:  5    God:    Trog [***...]
Gold:   107        SH:  0    Dex: 14    Spells: 0 memorised, 5 levels left

rFire  . . .     SeeInvis .     a - +0 falchion
rCold  . . .     Gourm    .     w - +0 plate armour
rNeg   . . .     Faith    +     (shield restricted)
rPois  .         Spirit   .     k - +2 helmet
rElec  .         Reflect  .     m - +0 cloak
rCorr  .         Harm     .     (no gloves)
MR     ++...                    (no boots)
Stlth  ..........               r - amulet of faith
                                (no ring)
                                (no ring)

@: corroded, regenerating
A: mutation resistance 1
a: Berserk, Trog's Hand, Burn Spellbooks, Renounce Religion


You were on level 4 of the Dungeon.
You worshipped Trog.
Trog was most pleased with you.
You were not hungry.

You visited 1 branch of the dungeon, and saw 4 of its levels.

You collected 107 gold pieces.

Inventory:

Hand Weapons
 a - a +0 falchion (weapon)
Armour
 b - a +0 animal skin
 k - a +2 helmet (worn)
 m - a +0 cloak (worn)
 w - a +0 plate armour (worn)
Jewellery
 o - an uncursed amulet of regeneration
 r - an amulet of faith (around neck)
 u - an uncursed ring of stealth {unknown}
Wands
 l - a wand of iceblast (9/15)
Scrolls
 d - a scroll of teleportation {unknown}
 e - 5 scrolls of identify {unknown}
 f - a scroll of remove curse {unknown}
 g - a scroll of immolation {unknown}
 h - 3 scrolls of enchant weapon {unknown}
 t - a scroll of recharging {unknown}
Potions
 j - a potion of degeneration {unknown}
 q - a potion of ambrosia {unknown}
 s - a potion of brilliance {unknown}
 v - a potion of magic {unknown}
 x - a potion of lignification {unknown}
Books
 n - a book of Cantrips

   Spells                             Type                      Level
   a - Confusing Touch                Hexes                        1
   b - Animate Skeleton               Necromancy                   1
   c - Summon Small Mammal            Summoning                    1
   d - Apportation                    Translocation                1
   Trog disapproves of the use of such an item.
Comestibles
 c - 5 bread rations
 i - a meat ration
 p - 11 chunks of flesh


   Skills:
 - Level 2.6 Fighting
 + Level 6.3 Long Blades
 - Level 2.1 Armour
 - Level 2.1 Dodging


You had 5 spell levels left.
You didn't know any spells.

Dungeon Overview and Level Annotations

Branches:
Dungeon (4/15)
 Temple: D:4-7

Altars:

Shops:
D:4 :

Annotations:
D:4 Pikel


Innate Abilities, Weirdness & Mutations

You are small and have problems with some larger weapons.
You are somewhat resistant to further mutation.


Message History

Trog accepts your kill.
You see here a giant cockroach corpse.
An ogre comes into view. It is wielding a giant spiked club.
The ogre shouts!
An ooze and Pikel come into view.
Pikel is wielding a whip of flaming. 2 slaves come into view.
The ooze quivers.
Pikel shouts!
The slave shouts! x2
Pikel zaps a wand.
The bolt of acid hits you! The acid corrodes you!
You are splashed with acid!
The acid burns!
It is a wand of acid.
The slave moves out of view.
A slave comes into view.
Your skin crawls.
You feel resistant to hostile enchantments.
You feel somewhat more hungry.
The slave shouts!
Pikel zaps a wand.
The bolt of acid hits you!
* * * LOW HITPOINT WARNING * * *
You are splashed with acid!
The acid burns!
You die...

....... .##### .## #+.
## ..# #... ..# ..#
+..# #J.# ..# #..#
#..# #+# #..###O.K##.
. ###+####......pp...
.....#..........@#
.....#...........#
.....#.....##....#
.....#.....##....###.
.)...#...............
.....#)...............
.....#................
.....###...####...#..#
#......#...###########


You could see Pikel, an ogre, 2 slaves and an ooze.

Vanquished Creatures
  An orc wizard (D:3)
  Robin (D:2)
  5 adders
  An adder skeleton (D:4)
  3 worms
  A dart slug (D:2)
  6 leopard geckos
  14 orcs
  4 bats
  5 giant cockroaches
  11 goblins
  10 hobgoblins
  10 jackals
  A quokka (D:4)
  A ball python (D:3)
  2 frilled lizards
  3 kobolds
  2 rats
81 creatures vanquished.

Notes
Turn   | Place    | Note
-------+----------+-------------------------------------------
     0 | D:1      | Gorglomux the Halfling Berserker began the quest for the Orb.
     0 | D:1      | Reached XP level 1. HP: 15/15 MP: 1/1
   194 | D:1      | Reached XP level 2. HP: 15/20 MP: 2/2
   651 | D:2      | Noticed Robin
   656 | D:2      | Reached skill level 4 in Long Blades
   656 | D:2      | Reached XP level 3. HP: 25/25 MP: 3/3
   663 | D:2      | Killed Robin
   874 | D:2      | Reached ** piety under Trog
   883 | D:2      | Reached XP level 4. HP: 30/30 MP: 4/4
  1254 | D:2      | Found a faded altar of an unknown god.
  1697 | D:3      | Reached skill level 5 in Long Blades
  1998 | D:3      | Reached XP level 5. HP: 31/35 MP: 5/5
  2327 | D:3      | Reached *** piety under Trog
  2468 | D:3      | Reached skill level 6 in Long Blades
  2675 | D:4      | Reached XP level 6. HP: 41/41 MP: 6/6
  2695 | D:4      | Found Icsah's Book Emporium.
  2751 | D:4      | Noticed an ogre
  2753 | D:4      | Noticed Pikel
  2753 | D:4      | Noticed a slave
  2753 | D:4      | Noticed a slave
  2754 | D:4      | Noticed a slave
  2754 | D:4      | HP: 2/41 [Pikel/wand of acid (12)]
  2754 | D:4      | Splashed by Pikel's acid

Skill      XL: |  1  2  3  4  5 |
---------------+----------------+-----
Long Blades    | 4 5 6 |  6.3
Fighting       | |  2.6
Armour         | |  2.1
Dodging        | |  2.1

Action                   |  1- 3 |  4- 6 || total
-------------------------+-------+-------++-------
Melee: Falchion          |    53 |   218 ||   271
Invok: Berserk           |     2 |     2 ||     4
       Trog's Hand       |       |     1 ||     1
 Stab: Sleeping          |     1 |       ||     1
  Eat: Chunk             |     1 |     9 ||    10
Armor: Animal skin       |     6 |    33 ||    39
       Plate armour      |       |    62 ||    62
Dodge: Dodged            |    51 |   169 ||   220
       Rpst.: Falchion   |    23 |    53 ||    76
